 Dungeon Crawl Stone Soup version 0.23.2 (webtiles) character file.

Game seed: 11312509231220034430

128 tennessine the Chopper (level 5, 0/45 HPs)
             Began as a Hill Orc Fighter on Apr 1, 2019.
             Slain by an ogre
             ... wielding a +0 giant spiked club
              (15 damage)
             ... on level 2 of the Dungeon.
             The game lasted 00:02:59 (1188 turns).

tennessine the Chopper (Hill Orc Fighter)           Turns: 1188, Time: 00:02:59

Health: 0/45       AC:  6    Str: 20    XL:     5   Next: 12%
Magic:  5/5        EV:  7    Int:  8    God:
Gold:   97         SH:  9    Dex: 10    Spells: 4/4 levels left

rFire    . . .     SeeInvis .   a - +0 war axe
rCold    + . .     Gourm    .   c - +0 shield
rNeg     . . .     Faith    .   b - +0 scale mail
rPois    .         Spirit   .   (no helmet)
rElec    .         Reflect  .   (no cloak)
rCorr    .         Harm     .   (no gloves)
MR       .....     Rnd*Tele +   (no boots)
Stlth    ..........             (no amulet)
HPRegen  0.15/turn              h - ring of teleportation (curse)
MPRegen  0.09/turn              k - ring of protection from cold

@: no status effects
A: no striking features
a: no special abilities


You were on level 2 of the Dungeon.
You were not hungry.

You visited 1 branch of the dungeon, and saw 2 of its levels.

You collected 97 gold pieces.

Inventory:

Hand Weapons
 a - a +0 war axe (weapon)
Missiles
 j - 8 tomahawks (quivered)
Armour
 b - a +0 scale mail (worn)
 c - a +0 shield (worn)
Jewellery
 h - a cursed ring of teleportation (left hand)
 k - a ring of protection from cold (right hand)
Scrolls
 e - 2 scrolls of identify {unknown}
 g - a scroll of blinking {unknown}
 i - 2 scrolls of remove curse {unknown}
 m - a scroll of fear {unknown}
 q - a scroll of teleportation {unknown}
Potions
 d - 2 potions of might
 l - a potion of resistance {unknown}
 o - a potion of flight {unknown}
 p - a potion of cancellation {unknown}
Comestibles
 f - 8 rations
 n - a chunk of flesh


   Skills:
 - Level 3.6 Fighting
 + Level 6.8 Axes
 - Level 3.2 Armour
 - Level 3.2 Shields


You had 4 spell levels left.
You didn't know any spells.
Your spell library was empty.

Dungeon Overview and Level Annotations

Branches:
Dungeon (2/15)

Altars:

Annotations:
D:2 Natasha


Message History

You feel strangely unstable.
You are suddenly yanked towards a nearby monster!
Your surroundings suddenly seem different.
An ogre comes into view. It is wielding a +0 giant spiked club.
The ogre shouts!
The ogre hits you with a +0 giant spiked club.
Your shield and scale mail prevent you from hitting the ogre.
You block the ogre's attack.
You barely miss the ogre. You completely miss the ogre.
The ogre hits you with a +0 giant spiked club!!
Ouch! That really hurt!
You completely miss the ogre. You block the ogre's attack.
You slash the ogre!
The ogre is moderately wounded.
The ogre barely misses you.
You slash the ogre!
The ogre is severely wounded.
The ogre hits you with a +0 giant spiked club!
You die...

##.## #.## ...# ### #.## #### #..
#.## ###### ..#### ..# #....#
....## #....# #.#..#### #% #....#
#.......## ##.####
#....########........# ##......
##)..)..........@# #.......
##....##>.###..#.O.......#....>..
.....####.#...##.#######.........
####........# #.# #........
###..###.####.. #........
##...!.....#. #.)..h...
#...#######...# ## #...... #.# #
. (. ###..##..... .. ...........#


You could see an ogre.

Vanquished Creatures
  Natasha (twice) (D:2)
  A gnoll (D:1)
  2 adders (D:2)
  An ooze (D:1)
  2 dart slugs (D:1)
  A leopard gecko (D:1)
  5 bats (D:1)
  2 giant cockroaches (D:1)
  6 goblins
  5 hobgoblins
  3 frilled lizards
  10 kobolds
  3 rats
43 creatures vanquished.

Notes
Turn   | Place    | Note
-------+----------+-------------------------------------------
     0 | D:1      | tennessine the Hill Orc Fighter began the quest for the
                  | Orb.
     0 | D:1      | Reached XP level 1. HP: 19/19 MP: 1/1
    24 | D:1      | Reached skill level 3 in Axes
    48 | D:1      | Reached XP level 2. HP: 12/26 MP: 2/2
    76 | D:1      | Reached skill level 4 in Axes
   366 | D:1      | Reached XP level 3. HP: 31/31 MP: 3/3
   432 | D:1      | Reached skill level 5 in Axes
   774 | D:2      | Reached XP level 4. HP: 33/39 MP: 4/4
   822 | D:2      | Noticed Natasha
   838 | D:2      | Killed Natasha
   838 | D:2      | Reached skill level 6 in Axes
   913 | D:2      | Noticed Natasha
  1171 | D:2      | Killed Natasha
  1171 | D:2      | Reached XP level 5. HP: 36/45 MP: 5/5
  1181 | D:2      | Noticed Natasha
  1182 | D:2      | Noticed an ogre
  1188 | D:2      | Slain by an ogre

Skill      XL: |  1  2  3  4 |
---------------+-------------+-----
Axes           | 3 4 5 6 |  6.8
Fighting       | |  3.6
Armour         | |  3.2
Shields        | |  3.2

Action                   |  1- 3 |  4- 6 || total
-------------------------+-------+-------++-------
Melee: War axe           |    85 |    46 ||   131
  Eat: Chunk             |       |     1 ||     1
Armor: Scale mail        |    40 |    11 ||    51
Dodge: Dodged            |    29 |     9 ||    38
Block: Shield            |    49 |    22 ||    71
